 Dungeon Crawl Stone Soup version 0.27.0-1-g7a08968 (webtiles) character file.

Game seed: 8569405648181265252

535 edsrzf the Skirmisher (level 7, -1/52 HPs)
             Began as a Djinni Artificer on Aug 14, 2021.
             Was a Follower of Uskayaw.
             Killed by divine providence
             ... invoked by an orc priest
              (14 damage)
             ... on level 5 of the Dungeon.
             The game lasted 00:13:11 (6220 turns).

edsrzf the Skirmisher (Djinni Artificer)            Turns: 6220, Time: 00:13:14

Health: -1/52      AC:  6    Str: 12    XL:     7   Next: 50%
Gold:   175        EV: 10    Int: 14    God:    Uskayaw [*.....] SH:  0 Dex: 13

rFire    + + .     SeeInvis .   q - +1 flail (protect)
rCold    . . .     Faith    .   (no shield)
rNeg     . . .     Spirit   .   o - +1 ring mail {rC+}
rPois    ∞         Reflect  .   (no helmet)
rElec    .         Harm     .   (no cloak)
rCorr    .         Rampage  .   (no gloves)
Will     .....                  (boots unavailable)
Stlth    +.........             g - amulet of the acrobat
HPRegen  0.17/turn              (no ring)
MPRegen  0.00/turn              (no ring)

@: flying
A: sickness immunity, fire resistance 2, cold vulnerability 1, float, innate
caster, hp casting, extra vitality 1
a: Renounce Religion, Stomp


You were on level 5 of the Dungeon.
You worshipped Uskayaw.
Uskayaw was noncommittal.
You visited 1 branch of the dungeon, and saw 5 of its levels.
You also visited: Sewer.

You collected 175 gold pieces.

Inventory:

Hand Weapons
 a - a +0 short sword
 p - a +0 quarterstaff
 q - a +1 flail of protection (weapon)
 t - a +0 long sword
Missiles
 f - 97 stones (quivered)
 k - 18 poisoned darts
 u - 9 boomerangs
Armour
 o - a +1 ring mail of cold resistance (worn)
Jewellery
 g - an amulet of the acrobat (around neck)
Wands
 c - a wand of flame (11)
 d - a wand of charming (13)
Scrolls
 b - a scroll of fear
 l - 4 scrolls of magic mapping
 r - a scroll of teleportation {unknown}
 w - a scroll of acquirement {unknown}
Potions
 h - 2 potions of brilliance
 i - 2 potions of curing
 m - a potion of berserk rage {!q}
 n - a potion of flight {unknown}
 s - a potion of magic {unknown}
 v - a potion of ambrosia {unknown}
 x - a potion of resistance {unknown}
Miscellaneous
 e - a piece from Xom's chessboard (15/15)


   Skills:
 - Level 4.1 Fighting
 - Level 1.0 Armour
 - Level 2.1 Dodging
 - Level 0.7 Stealth
 + Level 3.0 Unarmed Combat
 + Level 3.8 Spellcasting
 - Level 3.0 Evocations


You had 8 spell levels left.
You knew the following spells:

 Your Spells              Type           Power      Damage    Failure   Level
a - Animate Skeleton      Necr           26%        N/A       10%         1
b - Poisonous Vapours     Pois/Air       26%        N/A       14%         2
c - Wereblood             Tmut           13%        N/A       14%         2
Your spell library was empty.

Dungeon Overview and Level Annotations

Branches:
Dungeon (5/15)              Sewer (visited)
 Temple: D:4-7

Altars:
Makhleb
Sif Muna
Uskayaw
Vehumet

Annotations:
D:3 2 runed translucent doors, Crazy Yiuf; Illumine's ghost, amateur DEWr


Innate Abilities, Weirdness & Mutations

You are immune to sickness and miasma.
You are immune to poison.
Your flesh is very heat resistant. (rF++)
You are vulnerable to cold. (rC-)
You float through the air rather than walking.
You learn spells naturally, not from books.
Your magical power is your life essence.
You have superior vitality. (+4 HP)


Message History

You kill the gnoll!
Your Unarmed Combat skill increases to level 3!
You start resting.
HP restored.
Things that are here:
a +0 spear; a gnoll corpse
Things that are here:
a +0 spear; a gnoll corpse
k - 12 poisoned darts (gained 2)
There is a stone staircase leading up here.
Things that are here:
a +0 club; a gnoll corpse
k - 13 poisoned darts (gained 1)
k - 14 poisoned darts (gained 1)
k - 17 poisoned darts (gained 3)
k - 18 poisoned darts (gained 1)
Found a gnarled smoking staff.
You see here a staff of earth.
An orc wizard comes into view. It is wielding a +0 dagger of venom.
The orc wizard shouts!
The orc wizard gestures at you while chanting.
The magic dart hits you!
An orc priest comes into view. It is wielding a +0 mace.
You start resting.
An orc wizard is nearby!
The orc wizard misses you.
You hit the orc wizard.
Your weapon exudes an aura of protection.
The orc wizard is moderately wounded.
The orc wizard hits you but does no damage.
You closely miss the orc wizard.
The orc wizard is moderately wounded.
The orc wizard hits you with a +0 dagger of venom.
An orc comes into view. It is wielding a +0 whip.
The orc wizard barely misses you.
The orc shouts!
You thump the orc wizard!
The orc wizard is almost dead.
The orc wizard hits you with a +0 dagger of venom.
You can now pass through a line of other dancers.
You barely miss the orc wizard.
The orc wizard is almost dead.
The orc priest shouts!
You hear a shout!
The orc wizard hits you but does no damage.
Something shouts, "Scamper home, thou frothy weeb-spouting clotpole!"
You barely miss the orc wizard.
The orc wizard is almost dead.
The orc wizard gestures wildly while chanting.
The orc wizard flickers and vanishes!
Deactivating autopickup; reactivate with Ctrl-A.
Something completely misses you.
You barely miss something.
An orc comes into view. It is wielding a +0 club.
Something hits you.
The orc priest invokes the aid of Beogh against you.
Beogh smites you!
That's the wrong kind of item! (Use * to select it.) Evoke which item? (* to show all) (? for menu, Esc to quit)
Okay, then.
Unknown command.
Casting: Poisonous Vapours (safe; 14% risk of failure)
Confirm with . or Enter, or press ? or * to list all spells.
Aiming: Poisonous Vapours (safe; 14% risk of failure)
Press: ? - help, Dir - move target You miscast Poisonous Vapours.
You are very lightly contaminated with residual magic.
Nothing appears to happen.
You can no longer pass through a line of other dancers.
The orc priest begins to cast a cantrip, but forgets the words!
The orc priest begins to cast a cantrip, but forgets the words!
An orc comes into view. It is wielding a +0 hand axe.
Your magical contamination has completely faded away.
The orc priest mumbles some strange prayers to Beogh against you.
Beogh smites you!
You hit the orc.
Your weapon exudes an aura of protection.
The orc is heavily wounded.
The orc hits you but does no damage.
You hit the orc.
The orc is almost dead.
The orc barely misses you. The orc hits you but does no damage.
You closely miss the orc.
The orc is almost dead.
The orc barely misses you.
You barely miss the orc.
The orc is almost dead.
The orc hits you but does no damage.
The orc priest calls down the wrath of Beogh upon you.
Beogh smites you!
* * * LOW HITPOINT WARNING * * *
Casting: Poisonous Vapours (safe; 14% risk of failure)
Confirm with . or Enter, or press ? or * to list all spells.
Aiming: Poisonous Vapours (safe; 14% risk of failure)
Press: ? - help, Dir - move target Poisonous vapours surround something!
* * * LOW HITPOINT WARNING * * *
The orc hits you but does no damage.
The orc priest calls down the wrath of Beogh upon you.
Beogh smites you!
You die...

.. .. #.# ..
###+##### #.#
..####.......# #.#
o....oo......+ #.#
###.##.......#####
#.# +...##.o.....#
..# #.#
######.......# #.#
#.# #.......# #@#
##.#
##..##....#o#.##.#
#|.#######{#.##)#
#...o.{..oo..##.#
#.########.####)#
#..........)<...#
##########......#
.....#..#.#
##.#.#..#.#


You could see an orc priest and 2 orcs.

Vanquished Creatures
  A water moccasin (Sewer)
  A bullfrog (D:4)
  A scorpion (D:4)
  A water moccasin skeleton (D:4)
  Natasha (D:2)
  2 orc wizards (D:4)
  4 gnolls
  3 adders
  An ufetubus (D:4)
  A worm (D:3)
  2 dart slugs
  5 orcs (D:4)
  4 bats
  5 endoplasms
  7 giant cockroaches
  9 goblins
  5 hobgoblins
  10 jackals
  8 quokkas
  6 ball pythons
  A frilled lizard (D:1)
  10 kobolds
  5 rats
93 creatures vanquished.

Vanquished Creatures (collateral kills)
  A gnoll (D:3)
  A goblin (D:3)
  A rat (D:3)
3 creatures vanquished.

Vanquished Creatures (others)
  A gnoll (D:3)
1 creature vanquished.

Grand Total: 97 creatures vanquished

Notes
Turn   | Place    | Note
-------+----------+-------------------------------------------
     0 | D:1      | edsrzf the Djinni Artificer began the quest for the Orb.
     0 | D:1      | Reached XP level 1. HP: 17/17 MP: 0/0
   172 | D:1      | Reached XP level 2. HP: 17/22 MP: 0/0
   694 | D:1      | Reached skill level 1 in Spellcasting
   883 | D:1      | Reached skill level 2 in Fighting
   883 | D:1      | Reached XP level 3. HP: 24/28 MP: 0/0
   883 | D:1      | Learned a level 1 spell: Animate Skeleton
  1549 | D:1      | Found a faded altar of an unknown god.
  1962 | D:2      | Noticed Natasha
  2289 | D:2      | Reached XP level 4. HP: 31/34 MP: 0/0
  2745 | D:2      | Killed Natasha
  2777 | D:3      | Found a runed translucent door.
  2778 | D:3      | Noticed Illumine's ghost (amateur DEWr)
  2779 | D:3      | Noticed a bullfrog
  2864 | D:3      | Found a hide-covered altar of Uskayaw.
  2910 | D:3      | Found a runed translucent door.
  2922 | D:3      | Reached skill level 3 in Fighting
  2922 | D:3      | Reached skill level 2 in Spellcasting
  2974 | D:3      | Reached XP level 5. HP: 9/40 MP: 0/0
  2974 | D:3      | Learned a level 2 spell: Poisonous Vapours
  2985 | D:3      | Became a worshipper of Uskayaw the Reveller
  3067 | D:3      | Reached * piety under Uskayaw
  3249 | D:3      | Reached ** piety under Uskayaw
  3258 | D:3      | Found a glowing drain.
  3265 | Sewer    | Entered a sewer
  3493 | Sewer    | Noticed a water moccasin
  3499 | Sewer    | Killed a water moccasin
  3500 | Sewer    | Reached skill level 4 in Fighting
  3500 | Sewer    | Reached XP level 6. HP: 42/47 MP: 0/0
  4135 | D:3      | Found a runed translucent door.
  4136 | D:3      | Noticed Crazy Yiuf
  4492 | D:4      | Reached skill level 3 in Spellcasting
  4702 | D:4      | Reached skill level 1 in Unarmed Combat
  4805 | D:4      | Identified 3 potions of brilliance
  5078 | D:4      | Reached XP level 7. HP: 52/52 MP: 0/0
  5078 | D:4      | Learned a level 2 spell: Wereblood
  5095 | D:4      | Identified 5 scrolls of magic mapping
  5109 | D:4      | Identified 2 scrolls of fear
  5110 | D:4      | Identified 2 scrolls of identify
  5110 | D:4      | Identified 2 potions of curing
  5111 | D:4      | Identified a potion of berserk rage
  5202 | D:4      | Found a burning altar of Makhleb.
  5202 | D:4      | Noticed a green death
  5269 | D:4      | Reached skill level 2 in Unarmed Combat
  6084 | D:5      | Entered Level 5 of the Dungeon
  6112 | D:5      | Reached skill level 3 in Unarmed Combat
  6220 | D:5      | Killed from afar by an orc priest

Illustrated notes

Levels and vault maps discovered:
D:1:      saegor_arrival_simple_c, layout_basic, ebering_ecumenical_altar_webs,
          kennysheep_doodads
D:2:      layout_loops_ring, uniq_natasha
D:3:      layout_loops_ring, nicolae_uskayaw_murder_on_the_dancefloor,
          gup_sewer_entry_bubbles, ebering_ghost_sewer_f,
          minmay_misc_feat_secret_circle, uniq_crazy_yiuf_cottage
D:4:      layout_basic, makhleb_altar_promises_db, kennysheep_little_box,
          kennysheep_orc_sif_temple
D:5:      layout_basic, nicolae_gozag_zags_fifth_avenue, serial_shops,
          nicolae_shop_trees, uniq_blork_the_orc, uniq_eustachio

Skill      XL: |  1  2  3  4  5  6  7 |
---------------+----------------------+-----
Spellcasting   | 1 2 3 |  3.8
Fighting       | 2 3 4 |  4.1
Unarmed Combat | 1 3 |  3.0
Armour         | |  1.0
Dodging        | |  2.1
Stealth        | |  0.7
Evocations     | |  3.0

Action                   |  1- 3 |  4- 6 |  7- 9 || total
-------------------------+-------+-------+-------++-------
Melee: Club              |    19 |       |       ||    19
       Short sword       |   123 |    58 |       ||   181
       Flail             |       |   211 |    59 ||   270
       Punch             |       |       |     1 ||     1
Throw: Stone             |    11 |     9 |       ||    20
       Dart              |       |       |    13 ||    13
 Cast: Animate Skeleton  |       |     1 |       ||     1
       Poisonous Vapours |       |     1 |     1 ||     2
Evoke: Wand              |     1 |     5 |       ||     6
       Piece from Xom's  |       |     1 |       ||     1
  Use: Potion            |       |     1 |       ||     1
       Scroll            |       |       |     4 ||     4
 Stab: Sleeping          |     1 |       |       ||     1
Armor: Leather armour    |    30 |       |       ||    30
       Ring mail         |       |   156 |    35 ||   191
Dodge: Dodged            |    96 |   191 |    31 ||   318
